 Dungeon Crawl Stone Soup version 0.20.0-15-g7f486f2 (webtiles) character file.

96 sagitran the Digger (level 4, -8/24 HPs)
             Began as a Gargoyle Earth Elementalist on June 12, 2017.
             Mangled by an iguana (11 damage)
             ... on level 3 of the Dungeon.
             The game lasted 00:27:46 (1354 turns).

sagitran the Digger (Gargoyle Earth Elementalist)   Turns: 1354, Time: 00:27:47

Health: -8/24      AC:  7    Str: 11    XL:     4   Next: 67%
Magic:  5/7        EV: 15    Int: 17    God:
Gold:   159        SH:  0    Dex: 10    Spells: 2/8 levels left

rFire    . . .     SeeInvis .   o - +0 spear
rCold    . . .     Gourm    .   (no shield)
rNeg     + . .     Faith    .   q - +2 robe {MR+}
rPois    ∞         Spirit   .   (no helmet)
rElec    +         Reflect  .   (no cloak)
rCorr    .         Harm     .   (no gloves)
MR       +....                  (no boots)
Stlth    ++........             (no amulet)
Regen    0.1/turn               a - +3 ring of evasion
MPRegen  0.1/turn               (no ring)

@: no status effects
A: negative energy resistance 1, electricity resistance, unbreathing,
petrification resistance, rot immunity, AC +3
a: no special abilities


You were on level 3 of the Dungeon.
You were not hungry.

You visited 1 branch of the dungeon, and saw 3 of its levels.

You collected 159 gold pieces.

Inventory:

Hand Weapons
 o - a +0 spear (weapon)
Missiles
 b - 89 stones (quivered)
Armour
 q - a +2 robe of magic resistance (worn)
Jewellery
 a - a +3 ring of evasion (left hand)
Scrolls
 d - a scroll of recharging {unknown}
 g - a scroll of magic mapping
 i - 2 scrolls of identify {unknown}
 j - 2 scrolls of fear {unknown}
 l - a scroll of random uselessness {unknown}
 p - a scroll of noise {unknown}
Potions
 k - a potion of heal wounds {unknown}
 m - a potion of ambrosia {unknown}
 n - a potion of agility {unknown}
Books
 e - a book of Geomancy

   Spells                             Type                      Level
   a - Sandblast                      Earth                        1
   b - Passwall                       Transmutation/Earth          2
   c - Stone Arrow                    Conjuration/Earth            3
   d - Petrify                        Transmutation/Earth          4
   e - Lee's Rapid Deconstruction     Earth                        5
Comestibles
 f - a royal jelly
 h - 5 fruits


   Skills:
 + Level 0.7 Fighting
 + Level 0.5 Polearms
 + Level 2.0 Dodging
 + Level 2.3 Stealth
 + Level 0.8 Unarmed Combat
 + Level 2.5 Spellcasting
 + Level 0.7 Transmutations
 + Level 5.0 Earth Magic


You had 2 spell levels left.
You knew the following spells:

 Your Spells              Type           Power        Failure   Level  Hunger
a - Sandblast             Erth           ###...       2%          1    #......
b - Passwall              Tmut/Erth      ##........   9%          2    ##.....
c - Stone Arrow           Conj/Erth      ##....       21%         3    ###....


Dungeon Overview and Level Annotations

Branches:
Dungeon (3/15)

Altars:
Gozag


Innate Abilities, Weirdness & Mutations

You are resistant to torment.
Your stone body is resilient. (AC +3)
You are immune to poison.
You resist negative energy. (rN+)
You are resistant to electric shocks. (rElec)
You can survive without breathing.
You are immune to petrification.
You are immune to rotting.


Message History

The iguana misses you.
The orc shouts!
The iguana hisses menacingly.
Found a ring mail.
You closely miss the iguana.
The iguana is heavily wounded.
The iguana bites you but does no damage.
You hit the iguana but do no damage.
The iguana is heavily wounded.
The iguana completely misses you.
You hit the iguana.
The iguana is almost dead.
The iguana closely misses you.
You hit the iguana but do no damage.
The iguana is almost dead.
The iguana misses you.
You hit the iguana but do no damage.
The iguana is almost dead.
The iguana bites you!
You die...

#.#...#o# #.
#.#...#.# #.
#g##.##o# #.
#.......# #.
#.##.##.####.
##.##.##.##...
#####...$....##.#.
#.lo......##.##.#.
#@##....#...... .
#.##.#.......##.##
#.##......##.# $
#.####.......# ...
##.#.#### ...
..#.# [.. ....
##.#.


You could see an iguana and an orc.

Vanquished Creatures
  Jessica (D:2)
  3 adders (D:2)
  3 dart slugs (D:2)
  A leopard gecko (D:1)
  4 bats
  3 giant cockroaches
  5 goblins
  5 hobgoblins
  2 jackals (D:1)
  3 kobolds
  4 rats
34 creatures vanquished.

Notes
Turn   | Place    | Note
-------+----------+-------------------------------------------
     0 | D:1      | sagitran the Gargoyle Earth Elementalist began the quest for the Orb.
     0 | D:1      | Reached XP level 1. HP: 10/10 MP: 3/3
   237 | D:1      | Reached skill level 4 in Earth Magic
   240 | D:1      | Reached XP level 2. HP: 15/15 MP: 0/5
   326 | D:1      | Learned a level 2 spell: Passwall
   764 | D:2      | Reached XP level 3. HP: 15/19 MP: 6/6
   847 | D:2      | Learned a level 3 spell: Stone Arrow
   859 | D:2      | Found an opulent altar of Gozag.
  1083 | D:2      | Reached XP level 4. HP: 19/24 MP: 4/7
  1096 | D:2      | Noticed Jessica
  1103 | D:2      | Killed Jessica
  1103 | D:2      | Reached skill level 5 in Earth Magic
  1314 | D:3      | Noticed a centaur
  1333 | D:3      | HP: 1/24 [iguana (9)]
  1354 | D:3      | Mangled by an iguana

Skill      XL: |  1  2  3  4 |
---------------+-------------+-----
Earth Magic    | 4 5 |  5.0
Dodging        | 2 |  2.0
Fighting       | |  0.7
Polearms       | |  0.5
Stealth        | |  2.3
Unarmed Combat | |  0.8
Spellcasting   | |  2.5
Transmutations | |  0.7

Action                   |  1- 3 |  4- 6 || total
-------------------------+-------+-------++-------
Melee: Unarmed           |    38 |       ||    38
       Spear             |    53 |    22 ||    75
       Dagger            |     1 |       ||     1
       Punch             |     1 |       ||     1
 Cast: Sandblast         |    20 |     7 ||    27
       Passwall          |     1 |       ||     1
       Stone Arrow       |     2 |     2 ||     4
  Use: Scroll            |     2 |       ||     2
 Stab: Sleeping          |     1 |     1 ||     2
  Eat: Bread ration      |     1 |       ||     1
Armor: Robe              |    25 |     7 ||    32
Dodge: Dodged            |    68 |    22 ||    90
